 Dungeon Crawl Stone Soup version 0.21.1-1-g345015f (webtiles) character file.

387 tyranidshit the Skirmisher (level 6, -4/55 HPs)
             Began as a Demonspawn Abyssal Knight on July 25, 2018.
             Was a Believer of Lugonu.
             Slain by an ogre
             ... wielding a +0 giant club
              (18 damage)
             ... on level 4 of the Dungeon.
             The game lasted 00:10:47 (2393 turns).

tyranidshit the Skirmisher (DsAK)                   Turns: 2393, Time: 00:10:48

Health: -4/55      AC: 12    Str: 14 (15) XL:     6   Next: 49%
Magic:  7/7        EV:  6    Int: 12 (13) God:    Lugonu [**....]
Gold:   364        SH:  0    Dex: 11 (12) Spells: 5/5 levels left

rFire    . . .     SeeInvis .   a - +2 hand axe
rCold    . . .     Gourm    .   (no shield)
rNeg     . . .     Faith    .   g - +0 chain mail
rPois    .         Spirit   .   m - +1 helmet
rElec    .         Reflect  .   (no cloak)
rCorr    .         Harm     .   (gloves unavailable)
MR       .....                  d - +0 pair of boots
Stlth    ..........             (no amulet)
HPRegen  0.18/turn              (no ring)
MPRegen  0.10/turn              (no ring)

@: no status effects
A: claws 3, demonic guardian 1, deterioration 1, powered by death 1, shaggy fur
1, wild magic 1
a: Depart the Abyss, Bend Space, Renounce Religion


You were on level 4 of the Dungeon.
You worshipped Lugonu.
Lugonu was pleased with you.
You were not hungry.

You visited 1 branch of the dungeon, and saw 4 of its levels.
You visited the Abyss 1 time.

You collected 364 gold pieces.

Inventory:

Hand Weapons
 a - a +2 hand axe (weapon)
 f - a +1 falchion
Armour
 b - a +0 leather armour
 d - a +0 pair of boots (worn)
 g - a +0 chain mail (worn)
 m - a +1 helmet (worn)
Jewellery
 h - an uncursed ring of ice
Scrolls
 e - 3 scrolls of identify
 j - a scroll of remove curse
 k - a scroll of fog {unknown}
 l - 2 scrolls of amnesia
Potions
 i - a potion of flight
Comestibles
 c - 8 rations


   Skills:
 - Level 7.3 Fighting
 + Level 2.0 Axes
 + Level 2.0 Armour
 - Level 0.8 Dodging
 - Level 2.4 Invocations


You had 5 spell levels left.
You didn't know any spells.

Dungeon Overview and Level Annotations

Branches:
Dungeon (4/15)
 Temple: D:4-7

Altars:
Gozag
Vehumet
Xom


Innate Abilities, Weirdness & Mutations

You have claws for hands.
A weak demonic guardian rushes to your aid.
You regenerate a little health from kills.
Your body sometimes deteriorates upon taking damage.
You are covered in fur. (AC +1)
Your spells are a little harder to cast, but a little more powerful.


Message History

The howler monkey closely misses your ufetubus.
Found a hunting sling.
Found a shimmering altar of Xom.
The hound bites your ufetubus.
Your ufetubus hits the hound.
Your ufetubus completely misses the hound.
Something hits your ufetubus but does no damage.
The hound bites your ufetubus.
Your ufetubus hits the hound.
The hound dies!
Lugonu accepts your kill.
Your Axes skill increases to level 2!
Your Armour skill increases to level 2!
Found 11 gold pieces.
You hit the ogre.
The ogre is heavily wounded.
The ogre hits you with a giant club!
* * * LOW HITPOINT WARNING * * *
Your body deteriorates!
You feel weakened.
Unknown command.
You hit the ogre.
The ogre is heavily wounded.
The ogre hits you with a giant club!!
You die...

#..........[# #.##.
###....####.# #...
............# ... .
.##.(.......#####.#####..
.....#.#.......##........
.....#.##..5.........?..$
.......###.!#####........
#...#..# #..#####O..##...
###.#..##.h#.h..@...# ###
#..#...#........# ...
..............5..... ##
..###.##.....####.# #
..#. !........# # ...# .
.......... .#.#.
#..#...... ). ...#......#
.#


You could see an ogre, a howler monkey and a friendly white imp.

Vanquished Creatures
  Jessica (D:3)
  A hound skeleton (D:3)
  4 gnolls (D:3)
  6 adders
  An ooze (D:3)
  5 worms
  A dart slug (D:2)
  2 leopard geckos
  3 orcs (D:3)
  3 giant cockroaches
  12 goblins
  10 hobgoblins
  3 jackals (D:2)
  5 kobolds
  2 ball pythons
  3 bats
  4 frilled lizards
  5 rats
71 creatures vanquished.

Vanquished Creatures (collateral kills)
  Sigmund (D:3)
  A hound (D:4)
  An orc wizard (D:2)
  A worker ant (D:2)
  An adder (D:4)
  2 orcs (D:2)
  A giant cockroach (D:3)
  A goblin (D:3)
  A bat (D:3)
  A rat (D:3)
11 creatures vanquished.

Grand Total: 82 creatures vanquished

Notes
Turn   | Place    | Note
-------+----------+-------------------------------------------
     0 | Abyss:1  | tyranidshit the Demonspawn Abyssal Knight began the quest for the Orb.
     0 | Abyss:1  | Reached XP level 1. HP: 18/18 MP: 2/2
    53 | Abyss:2  | Noticed a starcursed mass
    53 | Abyss:2  | Noticed a smoke demon
    55 | D:1      | Escaped the Abyss
   182 | D:1      | Reached * piety under Lugonu
   401 | D:1      | Gained mutation: You regenerate a little health from kills. [demonic ancestry]
   401 | D:1      | Reached XP level 2. HP: 24/24 MP: 3/3
   842 | D:2      | Reached skill level 4 in Fighting
   880 | D:2      | Found an opulent altar of Gozag.
   985 | D:2      | Gained mutation: A weak demonic guardian rushes to your aid. [demonic ancestry]
   985 | D:2      | Reached XP level 3. HP: 13/31 MP: 4/4
  1472 | D:2      | Gained mutation: You have sharp fingernails. [demonic ancestry]
  1472 | D:2      | Reached XP level 4. HP: 35/38 MP: 5/5
  1621 | D:3      | Reached skill level 5 in Fighting
  1705 | D:3      | Noticed Jessica
  1714 | D:3      | Killed Jessica
  1717 | D:3      | Reached ** piety under Lugonu
  1744 | D:3      | Noticed Sigmund
  1832 | D:2      | Gained mutation: You have very sharp fingernails. [demonic ancestry]
  1832 | D:2      | Reached XP level 5. HP: 24/46 MP: 6/6
  1876 | D:3      | Found a radiant altar of Vehumet.
  1939 | D:3      | Killed Sigmund
  1939 | D:3      | Reached skill level 6 in Fighting
  1939 | D:3      | Gained mutation: You have claws for hands. [demonic ancestry]
  1939 | D:3      | Reached XP level 6. HP: 45/53 MP: 7/7
  1948 | D:3      | Gained mutation: You are covered in fur. (AC +1) [potion of mutation]
  1948 | D:3      | Gained mutation: Your body sometimes deteriorates upon taking damage. [potion of mutation]
  1948 | D:3      | Gained mutation: Your spells are a little harder to cast, but a little more powerful. [potion of mutation]
  1985 | D:3      | Reached skill level 7 in Fighting
  2097 | D:3      | HP: 1/55 [gnoll/flail of holy wrath (3)]
  2388 | D:4      | Found a shimmering altar of Xom.
  2393 | D:4      | Slain by an ogre

Skill      XL: |  1  2  3  4  5  6 |
---------------+-------------------+-----
Fighting       | 4 5 6 7 |  7.3
Axes           | 2 |  2.0
Armour         | 2 |  2.0
Dodging        | |  0.8
Invocations    | |  2.4

Action                   |  1- 3 |  4- 6 || total
-------------------------+-------+-------++-------
Melee: Falchion          |    34 |       ||    34
       Hand axe          |    89 |   156 ||   245
Invok: Depart the Abyss  |     1 |       ||     1
  Use: Potion            |     6 |     3 ||     9
       Scroll            |     6 |     3 ||     9
 Stab: Distracted        |       |     1 ||     1
  Eat: Ration            |     1 |     1 ||     2
Armor: Leather armour    |     8 |       ||     8
       Chain mail        |    69 |   161 ||   230
Dodge: Dodged            |    50 |    77 ||   127
       Rpst.: Falchion   |    10 |       ||    10
